 Dungeon Crawl Stone Soup version 0.29.0-4-gdea44cf6ec (webtiles) character file.

Game seed: 17435524758259691285

555 qw the Ruffian (level 7, -8/57 HPs)
             Began as a Ghoul Fire Elementalist on Aug 29, 2022.
             Mangled by a yak (11 damage)
             ... on level 5 of the Dungeon.
             The game lasted 00:04:25 (5719 turns).

qw the Ruffian (Ghoul Fire Elementalist)            Turns: 5719, Time: 00:04:25

Health: -8/57      AC: 11    Str: 14    XL:     7   Next: 30%
Magic:  8/8        EV:  5    Int: 10    God:
Gold:   88         SH:  3    Dex:  9    Spells: 8/9 levels left

rFire   . . .      SeeInvis .     - Unarmed
rCold   + . .      Faith    .   h - +0 buckler
rNeg    + + +      Spirit   .   m - +0 chain mail
rPois   inf        Reflect  .   j - +1 helmet
rElec   .          Harm     .   (no cloak)
rCorr   .          Rampage  .   (no gloves)
Will    .....                   c - +0 pair of boots
Stlth   ..........              (no amulet)
HPRegen 0.00/turn               (no ring)
MPRegen 0.11/turn               (no ring)

@: about to teleport, inhibited regen
A: claws 1, cold resistance 1, negative energy resistance 3, inhibited
regeneration, torment resistance 2, devour on kill
a: no special abilities


You were on level 5 of the Dungeon.
You visited 1 branch of the dungeon, and saw 5 of its levels.

You collected 148 gold pieces.
You spent 60 gold pieces at shops.


Innate Abilities, Weirdness & Mutations

You are immune to poison.
You have sharp fingernails.
Your flesh is cold resistant. (rC+)
You are immune to negative energy. (rN+++)
You do not regenerate when monsters are visible.
You are immune to unholy pain and torment.
You thrive by killing the living.


   Skills:
 - Level 3.1 Fighting
 - Level 1.0 Throwing
 - Level 1.0 Armour
 - Level 1.7 Dodging
 - Level 2.1 Stealth
 - Level 1.0 Shields
 + Level 6.8 Unarmed Combat
 - Level 1.7 Spellcasting
 - Level 0.7 Conjurations
 - Level 2.4 Fire Magic


You had 8 spell levels left.
You knew the following spells:

 Your Spells              Type           Power      Damage    Failure   Level
a - Foxfire               Conj/Fire      16%        2x1d4     100%        1

Your spell library contained the following spells:

 Spells                   Type           Power      Damage    Failure   Level
 Scorch                   Fire           10%        2d6       100%        2
 Conjure Flame            Conj/Fire      4%         6-21      100%        3
 Inner Flame              Hex/Fire       3%         N/A       100%        3
 Flame Wave               Conj/Fire      4%         2d5       100%        4

Inventory:

Missiles
 e - 2 javelins (quivered)
Armour
 c - a +0 pair of boots (worn)
 h - a +0 buckler (worn)
 j - a +1 helmet (worn)
 m - a +0 chain mail (worn)
Scrolls
 l - 2 scrolls of teleportation
Potions
 a - a potion of flight {unknown}
 b - a potion of invisibility {unknown}
 d - a potion of heal wounds {unknown}
 f - a potion of might
 i - 2 potions of curing {unknown}
 n - 2 potions of haste
 o - a potion of cancellation
 r - a potion of mutation {unknown}

Dungeon Overview and Level Annotations

Branches:
Dungeon (5/15)
 Temple: D:4-7

Altars:
Dithmenos
Hepliaklqana
Nemelex Xobeh
Trog
Yredelemnul

Shops:
D:3 (*


Message History

e - 3 javelins (gained 1)
e - 4 javelins (gained 1)
i - 2 sedimented sapphire potions (gained 1)
A yak comes into view.
The yak bellows!
You hear a bellow! x4
A yak comes into view. x4
Enter note: Throw: 4 javelins
Press: ? - help, Q - select action Shift-Dir - straight line, f - yak You throw a javelin.
The javelin pierces through the yak.
The yak is lightly wounded.
Throw: 3 javelins
Press: ? - help, Q - select action Shift-Dir - straight line, f/p - yak You throw a javelin.
The javelin closely misses the yak.
You claw the yak!
The yak is moderately wounded.
You barely miss the yak.
The yak is moderately wounded.
The yak gores you but does no damage.
5712 ||| Stepping ~*~*~tactically~*~*~ (outnumbered).
You scratch the yak.
The yak is moderately wounded.
The yak gores you!
You claw the yak!
The yak is severely wounded.
You scratch the yak.
The yak is severely wounded.
The yak gores you!
5716 ||| Stepping ~*~*~tactically~*~*~ (outnumbered).
You scratch the yak.
The yak is severely wounded.
The yak gores you! x2
You barely miss the yak.
The yak is severely wounded.
The yak gores you but does no damage. The yak gores you.
5719 ||| READING 3 scrolls of teleportation.
As you read the scroll of teleportation, it crumbles to dust.
You feel strangely unstable. The yak gores you! x2
You die...

#### ##### ##..# #...##
....### ##....#
....#.######.....#
........#.......##
................# .
.....#>........### ..(
................@#####Y..#
...............YYY#.......
.##.............Y.Y...#
##..........###..#..#.#
#..##......#....####
...#............#
#.......### ..... ##...


You could see 5 yaks.

Vanquished Creatures
  A scorpion (D:4)
  3 hounds
  An orc priest (D:5)
  Ijyb (D:4)
  An iguana (D:4)
  Natasha (twice) (D:2)
  3 orc wizards
  Robin (D:2)
  6 adders
  4 gnolls (D:3)
  A dart slug (D:1)
  9 orcs
  4 ball pythons
  6 bats
  8 endoplasms
  3 giant cockroaches
  13 goblins
  7 hobgoblins
  9 jackals
  3 quokkas
  2 frilled lizards (D:3)
  5 kobolds
  3 rats (D:3)
96 creatures vanquished.

Notes
Turn   | Place    | Note
-------+----------+-------------------------------------------
     0 | D:1      | qw the Ghoul Fire Elementalist began the quest for the Orb.
     0 | D:1      | Reached XP level 1. HP: 14/14 MP: 2/2
     0 | D:1      | 0 ||| qw: Version: 0.1-a-90-g952f4b7
     0 | D:1      | 0 ||| qw: Game counter: 4065
     0 | D:1      | 0 ||| qw: Always use a shield: true
     0 | D:1      | 0 ||| qw: God list: Okawaru
     0 | D:1      | 0 ||| qw: Allow faded altars: false
     0 | D:1      | 0 ||| qw: Do Orc after D:15 true
     0 | D:1      | 0 ||| qw: Do second Lair branch before Depths: true
     0 | D:1      | 0 ||| qw: Lair rune preference: random
     0 | D:1      | 0 ||| qw: Plans: Normal
     0 | D:1      | 0 ||| PLANNING D:1-11
    64 | D:1      | Reached skill level 1 in Unarmed Combat
   204 | D:1      | Reached skill level 1 in Fighting
   204 | D:1      | Reached XP level 2. HP: 22/23 MP: 3/3
   745 | D:1      | 745 ||| Stepping ~*~*~tactically~*~*~ (stealth).
   762 | D:1      | HP: 4/23 [dart slug/slug dart (4)]
   764 | D:1      | Reached skill level 2 in Unarmed Combat
  1048 | D:1      | Found a faded altar of an unknown god.
  1208 | D:1      | 1208 ||| Stepping ~*~*~tactically~*~*~ (outnumbered).
  1210 | D:1      | 1210 ||| Stepping ~*~*~tactically~*~*~ (outnumbered).
  1211 | D:1      | 1211 ||| Stepping ~*~*~tactically~*~*~ (outnumbered).
  1212 | D:1      | 1212 ||| Stepping ~*~*~tactically~*~*~ (outnumbered).
  1213 | D:1      | 1213 ||| Stepping ~*~*~tactically~*~*~ (outnumbered).
  1214 | D:1      | 1214 ||| Stepping ~*~*~tactically~*~*~ (outnumbered).
  1215 | D:1      | 1215 ||| Stepping ~*~*~tactically~*~*~ (outnumbered).
  1216 | D:1      | 1216 ||| Stepping ~*~*~tactically~*~*~ (outnumbered).
  1217 | D:1      | HP: 3/23 [kobold/+4 short sword of draining (7)]
  1704 | D:1      | 1704 ||| UPGRADING to +0 buckler.
  1709 | D:1      | 1709 ||| DROPPING amulet of magic regeneration.
  1710 | D:1      | 1710 ||| READING scroll labelled DUSIFI FARCH.
  1711 | D:1      | 1711 ||| READING scroll labelled OCOAHIFUST.
  1716 | D:1      | 1716 ||| DROPPING potion of magic.
  1736 | D:2      | Found a sparkling altar of Nemelex Xobeh.
  1745 | D:2      | 1745 ||| Stepping ~*~*~tactically~*~*~ (stealth).
  1746 | D:2      | 1746 ||| Stepping ~*~*~tactically~*~*~ (stealth).
  1751 | D:2      | Reached XP level 3. HP: 27/28 MP: 4/4
  2001 | D:2      | 2001 ||| FLEEEEING.
  2007 | D:2      | 2007 ||| STAIRDANCE
  2032 | D:1      | 2032 ||| UPGRADING to +0 helmet.
  2111 | D:2      | 2111 ||| Stepping ~*~*~tactically~*~*~ (stealth).
  2112 | D:2      | 2112 ||| Stepping ~*~*~tactically~*~*~ (stealth).
  2117 | D:2      | 2117 ||| Stepping ~*~*~tactically~*~*~ (stealth).
  2225 | D:2      | Reached skill level 3 in Unarmed Combat
  2314 | D:2      | Noticed Natasha
  2323 | D:2      | Killed Natasha
  2324 | D:2      | Reached XP level 4. HP: 14/35 MP: 5/5
  2721 | D:2      | Noticed Robin
  2728 | D:2      | Killed Robin
  2729 | D:2      | Reached skill level 4 in Unarmed Combat
  2950 | D:2      | Noticed Natasha
  2963 | D:2      | HP: 8/35 [white imp[Natasha] (1)]
  2964 | D:2      | Killed Natasha
  2965 | D:2      | Reached XP level 5. HP: 12/41 MP: 6/6
  3190 | D:2      | 3190 ||| UPGRADING to +0 pair of boots.
  3195 | D:2      | 3195 ||| UPGRADING to +1 helmet.
  3205 | D:2      | 3205 ||| DROPPING +0 helmet.
  3206 | D:2      | 3206 ||| DRINKING 2 fizzy dark potions.
  3207 | D:2      | 3207 ||| DROPPING potion of brilliance.
  3236 | D:3      | 3236 ||| Stepping ~*~*~tactically~*~*~ (stealth).
  3238 | D:3      | 3238 ||| Stepping ~*~*~tactically~*~*~ (stealth).
  3253 | D:3      | Reached skill level 1 in Shields
  3298 | D:3      | 3298 ||| Stepping ~*~*~tactically~*~*~ (hiding).
  3400 | D:3      | 3400 ||| Stepping ~*~*~tactically~*~*~ (hiding).
  3410 | D:3      | 3410 ||| Stepping ~*~*~tactically~*~*~ (outnumbered).
  3413 | D:3      | 3413 ||| Stepping ~*~*~tactically~*~*~ (outnumbered).
  3414 | D:3      | 3414 ||| Stepping ~*~*~tactically~*~*~ (outnumbered).
  3416 | D:3      | 3416 ||| Stepping ~*~*~tactically~*~*~ (outnumbered).
  3417 | D:3      | 3417 ||| Stepping ~*~*~tactically~*~*~ (outnumbered).
  3624 | D:3      | 3624 ||| Stepping ~*~*~tactically~*~*~ (stealth).
  3626 | D:3      | 3626 ||| Stepping ~*~*~tactically~*~*~ (stealth).
  3631 | D:3      | Found Laczotakh's General Store.
  3640 | D:3      | 3640 ||| SHOPLISTING potion of haste (100 gold, have 61).
  3640 | D:3      | 3640 ||| BUYING scroll of teleportation (30 gold).
  3640 | D:3      | Bought a scroll of teleportation for 30 gold pieces
  3640 | D:3      | 3640 ||| BUYING scroll of teleportation (30 gold).
  3640 | D:3      | Bought a scroll of teleportation for 30 gold pieces
  3659 | D:3      | 3659 ||| Stepping ~*~*~tactically~*~*~ (water).
  3670 | D:3      | 3670 ||| Stepping ~*~*~tactically~*~*~ (hiding).
  3692 | D:3      | Reached skill level 5 in Unarmed Combat
  3889 | D:3      | Reached XP level 6. HP: 33/48 MP: 7/7
  4021 | D:3      | Found a basalt altar of Yredelemnul.
  4022 | D:3      | Found a hazy altar of Hepliaklqana.
  4035 | D:3      | Found a shadowy altar of Dithmenos.
  4037 | D:3      | Found a bloodstained altar of Trog.
  4040 | D:3      | Found a sparkling altar of Nemelex Xobeh.
  4189 | D:3      | Found Podirag's Antique Weapon Emporium.
  4334 | D:3      | 4334 ||| UPGRADING to +0 leather armour.
  4344 | D:3      | 4344 ||| DROPPING +0 robe.
  4345 | D:3      | 4345 ||| UPGRADING to +0 chain mail.
  4355 | D:3      | 4355 ||| DROPPING +0 leather armour.
  4356 | D:3      | 4356 ||| READING 3 scrolls labelled HUMO JUITUWE.
  4357 | D:3      | 4357 ||| READING scroll labelled OMUTIXZ JEHE.
  4358 | D:3      | 4358 ||| READING scroll labelled LITU NUG HEWKUR.
  4359 | D:3      | 4359 ||| DRINKING 2 lumpy green potions.
  4360 | D:3      | 4360 ||| DROPPING 2 scrolls of torment.
  4378 | D:4      | 4378 ||| STAIRDANCE
  4463 | D:4      | 4463 ||| Stepping ~*~*~tactically~*~*~ (outnumbered).
  4464 | D:4      | 4464 ||| Stepping ~*~*~tactically~*~*~ (outnumbered).
  4465 | D:4      | 4465 ||| Stepping ~*~*~tactically~*~*~ (outnumbered).
  4466 | D:4      | 4466 ||| Stepping ~*~*~tactically~*~*~ (outnumbered).
  4467 | D:4      | 4467 ||| Stepping ~*~*~tactically~*~*~ (outnumbered).
  4468 | D:4      | 4468 ||| Stepping ~*~*~tactically~*~*~ (outnumbered).
  4470 | D:4      | 4470 ||| Stepping ~*~*~tactically~*~*~ (outnumbered).
  4471 | D:4      | 4471 ||| Stepping ~*~*~tactically~*~*~ (outnumbered).
  4472 | D:4      | 4472 ||| Stepping ~*~*~tactically~*~*~ (outnumbered).
  4473 | D:4      | 4473 ||| Stepping ~*~*~tactically~*~*~ (outnumbered).
  4483 | D:4      | Reached skill level 1 in Armour
  4535 | D:4      | Noticed Ijyb
  4549 | D:4      | Killed Ijyb
  4679 | D:4      | Reached skill level 6 in Unarmed Combat
  4867 | D:4      | 4867 ||| Stepping ~*~*~tactically~*~*~ (stealth).
  4868 | D:4      | 4868 ||| Stepping ~*~*~tactically~*~*~ (stealth).
  4891 | D:4      | 4891 ||| Stepping ~*~*~tactically~*~*~ (stealth).
  5014 | D:4      | Reached skill level 3 in Fighting
  5014 | D:4      | Reached XP level 7. HP: 57/57 MP: 8/8
  5306 | D:4      | 5306 ||| DROPPING ring of flight.
  5307 | D:4      | 5307 ||| READING scroll labelled MENUANNASMO.
  5308 | D:4      | 5308 ||| READING scroll labelled ALLULA PYREIF.
  5309 | D:4      | 5309 ||| READING scroll labelled NAYSUZ KITHROWO.
  5310 | D:4      | 5310 ||| DRINKING 2 grey potions.
  5311 | D:4      | 5311 ||| DRINKING 2 silvery potions.
  5312 | D:4      | 5312 ||| DRINKING 3 fizzy blue potions.
  5313 | D:4      | 5313 ||| DROPPING potion of lignification.
  5369 | D:5      | Entered Level 5 of the Dungeon
  5370 | D:5      | 5370 ||| STAIRDANCE
  5374 | D:5      | 5374 ||| STAIRDANCE
  5376 | D:4      | 5376 ||| Stepping ~*~*~tactically~*~*~ (outnumbered).
  5403 | D:5      | 5403 ||| STAIRDANCE
  5624 | D:5      | Reached skill level 1 in Throwing
  5707 | D:5      | Noticed a yak
  5707 | D:5      | Noticed a yak
  5707 | D:5      | Noticed a yak
  5707 | D:5      | Noticed a yak
  5707 | D:5      | Noticed a yak
  5712 | D:5      | 5712 ||| Stepping ~*~*~tactically~*~*~ (outnumbered).
  5716 | D:5      | 5716 ||| Stepping ~*~*~tactically~*~*~ (outnumbered).
  5718 | D:5      | HP: 11/57 [yak (4)]
  5719 | D:5      | 5719 ||| READING 3 scrolls of teleportation.
  5719 | D:5      | HP: 3/57 [yak (8)]
  5719 | D:5      | Mangled by a yak

Levels and vault maps discovered:
D:1:      minmay_arrival_radiant_lines, layout_basic,
          chequers_ecumenical_altar_simple_redux, serial_corexii_hall,
          chequers_hall_statues_y, chequers_hall_statues_corner_a,
          grunt_decor_resistance
D:2:      layout_rooms, basic_altar, minmay_door_square,
          chequers_serial_rivers_micro_a, uniq_natasha, uniq_robin
D:3:      wad_crossroads, layout_rooms, minitemple, serial_shops,
          nicolae_shop_behind_doors, shop, chequers_serial_rivers_marsh,
          minmay_vboxes
D:4:      layout_loops_ring, uniq_ijyb
D:5:      layout_cave_pools, uniq_blork_the_orc

Skill      XL: |  1  2  3  4  5  6  7 |
---------------+----------------------+-----
Unarmed Combat | 1 2 3 4 5 6 |  6.8
Fighting       | 1 2 3 |  3.1
Shields        | 1 |  1.0
Armour         | 1 |  1.0
Throwing       | 1 |  1.0
Dodging        | |  1.7
Stealth        | |  2.1
Spellcasting   | |  1.7
Conjurations   | |  0.7
Fire Magic     | |  2.4

Action                   |  1- 3 |  4- 6 |  7- 9 || total
-------------------------+-------+-------+-------++-------
Melee: Unarmed           |   140 |   233 |    51 ||   424
       Punch             |     1 |       |       ||     1
Throw: Javelin           |       |       |     9 ||     9
  Use: Scroll            |     2 |     3 |     4 ||     9
       Potion            |       |     2 |     3 ||     5
 Stab: Sleeping          |       |     1 |       ||     1
Armor: Robe              |    21 |    43 |       ||    64
       Chain mail        |       |    63 |    23 ||    86
Dodge: Dodged            |    70 |   103 |     4 ||   177
Block: Buckler           |     6 |    29 |     1 ||    36

Table legend:
 A = Non-vault XP
 B = Vault XP
 C = Vault XP percentage of total XP
 D = Non-vault monster count
 E = Vault monster count
 F = Vault count percentage of total count
                 A         B        C        D         E       F
            +---------+---------+-------+---------+---------+-------
      Total |     658 |     136 |  17.1 |      80 |      16 |  16.7
            +---------+---------+-------+---------+---------+-------
        D:1 |      32 |       0 |   0.0 |      16 |       0 |   0.0
        D:2 |      78 |      56 |  41.8 |      17 |       5 |  22.7
        D:3 |     162 |      44 |  21.4 |      23 |      10 |  30.3
        D:4 |     273 |      36 |  11.7 |      19 |       1 |   5.0
        D:5 |     113 |       0 |   0.0 |       5 |       0 |   0.0
            +---------+---------+-------+---------+---------+-------
